 Dungeon Crawl Stone Soup version 0.17-a0-1375-g89b919d (console) character file.

2916 Monkaria the Grappler (level 9, -3/96 HPs)
             Began as a Demonspawn Chaos Knight on June 8, 2015.
             Slain by a sun demon (15 damage)
             ... summoned by Xom
             ... on level 6 of the Dungeon on June 14, 2015.
             The game lasted 00:13:08 (7997 turns).

Monkaria the Grappler (Demonspawn Chaos Knight)     Turns: 7997, Time: 00:13:08

Health: -3/96      AC:  6    Str: 25 (26) XL:     9   Next: 50%
Magic:  9/9        EV: 15    Int: 12 (13) God:    Xom [......]
Gold:   316        SH:  0    Dex: 14      Spells: 0 memorised, 8 levels left

rFire  . . .     SeeInvis .       - Unarmed
rCold  + . .     Clarity  .     u - +2 leather armour {rC+}
rNeg   . . .     SustAt   .     (no shield)
rPois  .         Gourm    .     (helmet restricted)
rElec  .         Spirit   .     p - +0 cloak
rCorr  .         Warding  .     (no gloves)
rMut   +         Stasis   .     (no boots)
MR     .....                    n - amulet of resist mutation
Stlth  ..........               i - ring of stealth
                                o - +6 ring of strength

@: berserking (expiring), very slightly contaminated, invisible (expiring), very
quick, not resistant to hostile enchantments, extremely unstealthy
A: claws 1, horns 2, talons 1, nightstalker 2
a: Renounce Religion


You were on level 6 of the Dungeon.
You worshipped Xom.
You were a very special plaything of Xom.
You were not hungry.

You visited 2 branches of the dungeon, and saw 8 of its levels.

You collected 316 gold pieces.

Inventory:

Hand weapons
 a - a +0 falchion of chaos
 r - a +0 blowgun
Missiles
 q - 21 poisoned needles
 v - 10 silver bolts
 w - 7 tomahawks (quivered)
Armour
 p - a +0 cloak (worn)
 u - a +2 leather armour of cold resistance (worn)
Jewellery
 i - a ring of stealth (right claw)
 n - an amulet of resist mutation (around neck)
 o - a +6 ring of strength (left claw)
Magical devices
 g - a wand of frost (27)
 t - a wand of flame (22)
 y - a wand of slowing (14)
Scrolls
 d - 2 scrolls of remove curse
 e - 7 scrolls of identify
 h - 3 scrolls of magic mapping
 k - 3 scrolls of enchant armour
 l - a scroll of recharging
 m - a scroll of enchant weapon
 s - a scroll of teleportation
Books
 x - a book of Alchemy

   Spells                             Type                      Level
   a - Sublimation of Blood           Necromancy                   2
   b - Ignite Poison                  Fire/Transmutation/Poison    3
   c - Alistair's Intoxication        Transmutation/Poison         4
   d - Condensation Shield            Ice                          4
   e - Petrify                        Transmutation/Earth          4
   f - Irradiate                      Conjuration/Transmutation    5
 z - a book of Enchantments

   Spells                             Type                      Level
   a - Cause Fear                     Hexes                        4
   b - Silence                        Hexes/Air                    5
   c - Deflect Missiles               Charms/Air                   6
   d - Haste                          Charms                       6
   e - Discord                        Hexes                        8
Comestibles
 b - 2 chunks of flesh
 c - 5 bread rations
 f - 3 meat rations
 j - 3 beef jerkies
 A - a slice of pizza


   Skills:
 - Level 3.6 Fighting
 - Level 2.6 Long Blades
 - Level 5.2 Armour
 + Level 6.0 Dodging
 - Level 9.0 Unarmed Combat


You had 8 spell levels left.
You didn't know any spells.

Dungeon Overview and Level Annotations

Branches:
Dungeon (7/15)             Temple (1/1) D:7

Altars:
Ashenzari
Cheibriados
Dithmenos
Fedhas
Gozag
Kikubaaqudgha
Nemelex Xobeh
Okawaru
Qazlal
Ru
Sif Muna
Trog
Vehumet
Yredelemnul
Zin
The Shining One

Annotations:
D:4 Somebody's ghost, average CeWr


Innate Abilities, Weirdness & Mutations

You have sharp fingernails.
You have a pair of horns on your head.
You have sharp toenails.
You are significantly more attuned to the shadows.


Message History

The sun demon is engulfed in seething chaos.
The sun demon is moving more slowly.
Xom thinks this is hilarious!
The sun demon hits you!
* * * LOW HITPOINT WARNING * * *
You are engulfed in flames!
* * * LOW HITPOINT WARNING * * *
You scratch the sun demon.
The sun demon is lightly wounded.
The sun demon is engulfed in seething chaos.
The sun demon completely misses you.
You claw the sun demon!
You claw the sun demon, but do no damage.
You headbutt the sun demon!
The sun demon is moderately wounded.
You flicker for a moment.
You claw the sun demon! You claw the sun demon.
The sun demon is severely wounded.
The sun demon hits you!
You die...

#####.########.##.......#
....................>...#
#####.###.######........#
#.# #........# #####.# #
#........# ......###.#
#5.......# ######....#
#45......# ...#.####
#3###..### ####.#.# #@#
##..# .......# #.# #..##
####.### #.# #...# ###.#
#.# ##..# #<#.#### #.#
#..# #.#....# %.# #..#
#.####.# #..## #.# #.#
##..# #.# #.# #..##


You could see a sun demon (petrifying), a blue devil, an iron imp and a shadow
imp.

Vanquished Creatures
  A hill giant (D:7)
  Grinder (D:3)
  Sigmund (D:2)
  A hippogriff (D:7)
  2 orc warriors (D:7)
  Duvessa (D:6)
  A centaur (D:5)
  4 ogres
  The ghost of bosm the Digger, an average OpEE (D:3)
  2 scorpions (D:7)
  Dowan (D:6)
  A crimson imp (D:5)
  A quasit (D:7)
  3 orc priests
  A hound (D:7)
  7 orc wizards
  Crazy Yiuf (D:2)
  Ijyb (D:3)
  A centaur skeleton (D:5)
  An iguana (D:7)
  A jelly (D:5)
  7 worker ants
  A hound skeleton (D:5)
  3 gnolls
  16 adders
  2 oozes
  4 worms
  6 giant geckos
  20 orcs
  2 ball pythons
  6 bats
  A bat skeleton (D:5)
  11 goblins
  14 hobgoblins
  5 jackals
  16 kobolds
  4 giant cockroaches
  4 giant newts
  A quokka (D:3)
  18 rats
  3 rat zombies (D:3)
178 creatures vanquished.

Vanquished Creatures (collateral kills)
  A worker ant (D:4)
  An orc (D:4)
2 creatures vanquished.

Vanquished Creatures (others)
  An orc (D:2)
1 creature vanquished.

Grand Total: 181 creatures vanquished

Notes
Turn   | Place    | Note
--------------------------------------------------------------
     0 | D:1      | Monkaria the Demonspawn Chaos Knight began the quest for the Orb.
     0 | D:1      | Reached XP level 1. HP: 18/18 MP: 1/1
   104 | D:1      | Gained mutation: You have sharp toenails. [demonic ancestry]
   104 | D:1      | Reached XP level 2. HP: 14/24 MP: 2/2
   148 | D:1      | XOM: silly message
   212 | D:1      | XOM: divination: detect items
   249 | D:1      | XOM: potion effect (might)
   308 | D:1      | Reached skill level 1 in Unarmed Combat
   383 | D:1      | XOM: mild Chrm miscast
   845 | D:2      | Gained mutation: You have a pair of small horns on your head. [demonic ancestry]
   845 | D:2      | Reached XP level 3. HP: 29/29 MP: 3/3
   982 | D:2      | XOM: noise
  1031 | D:2      | XOM: summons 1 hostile demon
  1087 | D:2      | Gained mutation: You are slightly more attuned to the shadows. [demonic ancestry]
  1087 | D:2      | Reached XP level 4. HP: 24/36 MP: 4/4
  1489 | D:2      | Found a sacrificial altar of Ru.
  1846 | D:2      | XOM: confuse monster(s)
  1997 | D:2      | Reached XP level 5. HP: 41/41 MP: 5/5
  2036 | D:2      | Noticed Crazy Yiuf
  2039 | D:2      | Upgraded the game from 0.17-a0-1310-gaf4f4d6 to 0.17-a0-1375-g89b919d
  2042 | D:2      | Killed Crazy Yiuf
  2042 | D:2      | Reached skill level 4 in Unarmed Combat
  2122 | D:3      | Noticed bosm's ghost (average OpEE)
  2130 | D:3      | Killed bosm's ghost
  2327 | D:3      | Found an iron altar of Okawaru.
  2327 | D:3      | Noticed Sigmund
  2477 | D:2      | XOM: silly message
  2509 | D:2      | XOM: chaos upgrade
  2511 | D:2      | XOM: blink monster(s)
  2524 | D:2      | XOM: medium Ice miscast
  2784 | D:3      | Noticed Grinder
  2785 | D:3      | XOM: potion effect (might)
  2793 | D:2      | Reached skill level 5 in Unarmed Combat
  2793 | D:2      | Gained mutation: You are significantly more attuned to the shadows. [demonic ancestry]
  2793 | D:2      | Reached XP level 6. HP: 22/47 MP: 6/6
  2795 | D:2      | XOM: divination: detect creatures
  3105 | D:3      | XOM: silly message
  3118 | D:3      | Noticed Ijyb
  3126 | D:3      | Killed Ijyb
  3304 | D:4      | XOM: harmless Air miscast
  3380 | D:4      | XOM: divination: detect items
  3744 | D:4      | XOM: harmless Erth miscast
  3751 | D:4      | XOM: 1-stop teleportation journey
  3794 | D:4      | Noticed Somebody's ghost (average CeWr)
  4047 | D:3      | Found an ancient bone altar of Kikubaaqudgha.
  4108 | D:3      | Reached skill level 6 in Unarmed Combat
  4123 | D:3      | XOM: potion effect (berserk rage)
  4127 | D:3      | XOM: summons 2 friendly demons
  4130 | D:3      | Paralysed by Grinder for 3 turns
  4134 | D:3      | Killed Grinder
  4134 | D:3      | Reached XP level 7. HP: 40/52 MP: 7/7
  4640 | D:2      | XOM: god gift: small bone ring {god gift}
  4741 | D:2      | XOM: enchant monster (good)
  4747 | D:2      | Killed Sigmund
  4747 | D:2      | Reached skill level 7 in Unarmed Combat
  4826 | D:4      | XOM: swap monsters
  4833 | D:4      | HP: 1/52 [orc wizard/puff of flame (9)]
  4836 | D:4      | Reached skill level 8 in Unarmed Combat
  5205 | D:4      | XOM: god gift: chain mail {god gift}
  5248 | D:4      | XOM: summons friendly white imp
  5252 | D:4      | Gained mutation: You have a pair of horns on your head. [demonic ancestry]
  5252 | D:4      | Reached XP level 8. HP: 18/59 MP: 8/8
  5252 | D:4      | XOM: confuse monster(s)
  5280 | D:4      | XOM: god gift: scroll labeled JEKKO LO TAV
  5617 | D:5      | Entered Level 5 of the Dungeon
  5636 | D:5      | XOM: harmless Necr miscast
  5737 | D:5      | Found a glowing golden altar of the Shining One.
  5750 | D:5      | Reached skill level 9 in Unarmed Combat
  6245 | D:5      | XOM: divination: detect items
  6389 | D:5      | XOM: potion effect (berserk rage)
  6551 | D:6      | Noticed Dowan
  6553 | D:6      | Noticed Duvessa
  6583 | D:7      | Found a staircase to the Ecumenical Temple.
  6621 | Temple   | Entered the Ecumenical Temple
  6828 | D:7      | XOM: harmless Summ miscast
  6839 | D:7      | Reached skill level 5 in Armour
  7044 | D:7      | Noticed a hill giant
  7063 | D:7      | Killed a hill giant
  7063 | D:7      | Gained mutation: You have sharp fingernails. [demonic ancestry]
  7063 | D:7      | Reached XP level 9. HP: 62/64 MP: 9/9
  7160 | D:7      | XOM: 4-stop teleportation journey
  7229 | D:7      | XOM: mild Pois miscast
  7235 | D:7      | XOM: 2-stop teleportation journey
  7360 | D:7      | XOM: summons 2 hostile shadow creatures
  7554 | D:7      | Reached skill level 5 in Dodging
  7608 | D:7      | XOM: colour smoke trail
  7853 | D:7      | XOM: stat loss: -1 Str (20/21)
  7892 | D:7      | XOM: severe Pois miscast
  7977 | D:6      | XOM: summons 4 hostile demons
  7978 | D:6      | Killed Dowan
  7982 | D:6      | XOM: summons 4 hostile demons
  7983 | D:6      | Noticed a sun demon
  7986 | D:6      | Killed Duvessa
  7997 | D:6      | Slain by a sun demon

Vault maps used:
D:1:      dpeg_arrival_rooms_a, minmay_hedge_maze
D:2:      minmay_door_path, nicolae_ru_sacrificial_ziggurat,
          uniq_crazy_yiuf_cottage
D:3:      lemuel_zombie_altar_kikubaaqudgha, okawaru_metal_pillars_3,
          uniq_grinder, uniq_iyjb, uniq_sigmund
D:5:      overflow_temple_1_default, first_bread
D:6:      gammafunk_temple_overflow_forgotten, corexii_mini_fake_secret_closet,
          uniq_duvessa, uniq_blork_the_orc
D:7:      minmay_temple_entry_grid
Temple:   temple_eino_lava_12

Action                   |  1- 3 |  4- 6 |  7- 9 || total
-------------------------+-------+-------+-------++-------
Melee: Falchion          |    77 |   190 |       ||   267
       Unarmed           |       |    43 |   262 ||   305
 Fire: Blowgun           |       |       |     3 ||     3
Evoke: Wand              |       |       |     2 ||     2
  Use: Potion            |       |     2 |     1 ||     3
       Scroll            |       |       |     8 ||     8
 Stab: Sleeping          |       |     9 |    24 ||    33
       Confused          |       |     1 |       ||     1
       Paralysed         |       |     3 |       ||     3
       Distracted        |       |     1 |     3 ||     4
       Petrifying        |       |       |     3 ||     3
       Invisible         |       |       |     2 ||     2
  Eat: Chunk             |       |     9 |    14 ||    23
       Pizza             |       |     1 |       ||     1
